 Dungeon Crawl Stone Soup version 0.21-a0-529-g8c7b3f5 (webtiles) character file.

182 slep the Chopper (level 5, -1/39 HPs)
             Began as a Demonspawn Gladiator on Dec 10, 2017.
             Slain by Alex's ghost (11 damage)
             ... on level 3 of the Dungeon.
             The game lasted 00:05:58 (1621 turns).

slep the Chopper (Demonspawn Gladiator)             Turns: 1621, Time: 00:05:58

Health: -1/39      AC:  8    Str: 15    XL:     5   Next: 35%
Magic:  0/5        EV: 13    Int:  9    God:
Gold:   74         SH:  0    Dex: 15    Spells: 4/4 levels left

rFire    . . .     SeeInvis .   a - +0 war axe
rCold    . . .     Gourm    .   (no shield)
rNeg     . . .     Faith    .   b - +0 leather armour
rPois    .         Spirit   +   (helmet restricted)
rElec    .         Reflect  .   (no cloak)
rCorr    .         Harm     .   (no gloves)
MR       +....                  o - +0 pair of boots
Stlth    ++........             (no amulet)
HPRegen  0.13/turn              h - ring of protection from magic
MPRegen  0.09/turn              k - +4 ring of protection

@: no status effects
A: horns 1, demonic guardian 1, magic shield
a: no special abilities


You were on level 3 of the Dungeon.
You were not hungry.

You visited 1 branch of the dungeon, and saw 3 of its levels.

You collected 74 gold pieces.

Inventory:

Hand Weapons
 a - a +0 war axe (weapon)
Missiles
 d - 3 throwing nets (quivered)
Armour
 b - a +0 leather armour (worn)
 c - a +0 helmet
 o - a +0 pair of boots (worn)
 s - the +2 helmet "Iti Erau" {Dex+6, unknown}
   (You took it off Robin on level 3 of the Dungeon)

   It affects your dexterity (+6).
Jewellery
 h - a ring of protection from magic (left hand)
 k - a +4 ring of protection (right hand)
Scrolls
 i - a scroll of teleportation {unknown}
 j - a scroll of fog {unknown}
 l - 3 scrolls of magic mapping {unknown}
 m - a scroll of identify {unknown}
 r - 2 scrolls of blinking {unknown}
Potions
 e - a potion of mutation {unknown}
 n - a potion of curing {unknown}
 q - a potion of heal wounds {unknown}
Comestibles
 f - a bread ration
 g - 4 fruits
 p - a meat ration
 t - a chunk of flesh


   Skills:
 + Level 2.6 Fighting
 + Level 4.2 Axes
 + Level 1.9 Throwing
 + Level 1.3 Armour
 + Level 3.4 Dodging
 + Level 1.0 Stealth


You had 4 spell levels left.
You didn't know any spells.

Dungeon Overview and Level Annotations

Branches:
Dungeon (3/15)

Altars:
Gozag

Annotations:
D:3 Alex's ghost, novice MiFi


Innate Abilities, Weirdness & Mutations

You have a pair of small horns on your head.
A weak demonic guardian rushes to your aid.
When hurt, damage is shared between your health and your magic reserves.


Message History

The kobold misses you.
You barely miss the kobold. Your headbutt misses the kobold.
The kobold closely misses you.
You closely miss the kobold. Your headbutt misses the kobold.
The kobold closely misses you.
You barely miss the kobold. The kobold barely misses you.
The kobold hits you but does no damage.
Alex's ghost (novice Minotaur Fighter) comes into view.
Alex's ghost turns its malevolent gaze towards you.
You slash the kobold!
You kill the kobold!
You swap places.
You closely miss Alex's ghost. Alex's ghost hits you! Alex's ghost hits you.
You closely miss Alex's ghost.
Your iron imp barely misses Alex's ghost.
Alex's ghost hits you!
* * * LOW HITPOINT WARNING * * *
Your iron imp completely misses Alex's ghost.
You closely miss Alex's ghost. Alex's ghost hits you!
You die...

##.################ #.
.........#.......# #.
#.. #.#.)#..##...# ##
##.. #...†..(#....# ...
###..#.##..#.#
#.####..#.##..#.#
#...............#
##.....#####.#########
#..<@.### #.#####....
#...5W..###..........
#......>.##.#####....
#..............#####.
######.........# #.
###..#.##.# #.
#..#.##.# #.
#..#.##.#####.
##########.............


You could see Alex's ghost and a friendly iron imp.

Vanquished Creatures
  An orc wizard (D:3)
  Robin (D:3)
  5 adders
  An ooze (D:2)
  3 worms
  3 dart slugs
  2 leopard geckos
  5 orcs (D:3)
  3 giant cockroaches
  16 goblins
  9 hobgoblins
  3 quokkas
  A ball python (D:2)
  7 bats
  4 frilled lizards
  3 kobolds
  11 rats
78 creatures vanquished.

Notes
Turn   | Place    | Note
-------+----------+-------------------------------------------
     0 | D:1      | slep the Demonspawn Gladiator began the quest for the Orb.
     0 | D:1      | Reached XP level 1. HP: 16/16 MP: 1/1
   126 | D:1      | Gained mutation: When hurt, damage is shared between your health and your magic reserves. [demonic ancestry]
   126 | D:1      | Reached XP level 2. HP: 17/22 MP: 2/2
   615 | D:2      | Reached skill level 3 in Axes
   620 | D:2      | Gained mutation: You have a pair of small horns on your head. [demonic ancestry]
   620 | D:2      | Reached XP level 3. HP: 27/27 MP: 3/3
   838 | D:2      | Reached XP level 4. HP: 34/34 MP: 4/4
   986 | D:2      | HP: 1/34 [poisoned by an adder]
  1269 | D:2      | Reached skill level 1 in Stealth
  1306 | D:3      | Found an opulent altar of Gozag.
  1348 | D:3      | Found a faded altar of an unknown god.
  1359 | D:3      | Reached skill level 1 in Armour
  1408 | D:3      | Gained mutation: A weak demonic guardian rushes to your aid. [demonic ancestry]
  1408 | D:3      | Reached XP level 5. HP: 36/39 MP: 3/5
  1486 | D:3      | Noticed Robin
  1499 | D:3      | Reached skill level 4 in Axes
  1510 | D:3      | Killed Robin
  1512 | D:3      | Got a translucent helmet
  1614 | D:3      | Noticed Alex's ghost (novice MiFi)
  1621 | D:3      | Slain by Alex's ghost

Vault maps used:
D:1:      dpeg_arrival_ternary, serial_bayou, serial_bayou_pond_b,
          serial_bayou_pond_c, serial_bayou_crossing, serial_bayou_pond_c,
          kennysheep_minor_cross
D:3:      chequers_ecumenical_altar_simple, minivault_24, nrook_mini_vaults,
          grunt_gozag_breadcrumbs, uniq_crazy_yiuf_cottage, uniq_grinder,
          uniq_robin

Skill      XL: |  1  2  3  4  5 |
---------------+----------------+-----
Dodging        | 3 |  3.4
Axes           | 3 4 |  4.2
Stealth        | 1 |  1.0
Armour         | 1 |  1.3
Fighting       | |  2.6
Throwing       | |  1.9

Action                   |  1- 3 |  4- 6 || total
-------------------------+-------+-------++-------
Melee: War axe           |    90 |    98 ||   188
       Headbutt          |     3 |    10 ||    13
 Stab: Sleeping          |     3 |     2 ||     5
  Eat: Chunk             |       |     3 ||     3
Armor: Leather armour    |    27 |    43 ||    70
Dodge: Dodged            |    74 |    86 ||   160

Table legend:
 A = Spawn XP
 B = Non-spawn XP
 C = Spawn XP percentage of total XP
 D = Spawn monster count
 E = Non-spawn monster count
 F = Spawn count percentage of total count
 G = Total turns spent on level
                    A         B        C        D         E        F      G
               +---------+---------+-------+---------+---------+-------+---------
         Total |       0 |     261 |   0.0 |       0 |      78 |   0.0 |  1621
               +---------+---------+-------+---------+---------+-------+---------
           D:1 |       0 |      32 |   0.0 |       0 |      19 |   0.0 |   610
           D:2 |       0 |     109 |   0.0 |       0 |      32 |   0.0 |   687
           D:3 |       0 |     120 |   0.0 |       0 |      27 |   0.0 |   324
               +---------+---------+-------+---------+---------+-------+---------
